Map: Tours du crépuscule

Players

GuigaS

  • Race: Terran Terran

Kuja - Winner!

  • Race: Protoss Protoss
  • League: Diamond

VOD

Have the link to the VOD?

Description

Time

  • Played on: March 29, 2016, 10:14 a.m.
  • Length: 12:07
Show
View Real Time Build Order
Export as new Build Order

GuigaS Terran 

Build Orders: Reaper Expand, Mech 

Get SALT Encoding   

  12  0:01  SCV  
  13  0:13  SCV  
  14  0:18  Supply Depot  
  14  0:25  SCV  
  15  0:39  SCV  
  15  0:41  Barracks  
  16  0:47  Refinery  
  16  0:51  SCV  
  17  1:03  SCV  
  18  1:17  SCV  
  19  1:29  Orbital Command  
  19  1:32  Supply Depot  
  19  1:34  Reaper  
  20  1:57  Command Center, SCV  
  21  2:06  Marine  
  22  2:09  SCV  
  22  2:14  Factory  
  23  2:26  SCV  
  23  2:27  Marine  
  25  2:32  Refinery  
  25  2:38  SCV  
  26  2:50  SCV  
  27  3:00  Factory Reactor  
  27  3:02  Factory, Marine, SCV  
  29  3:11  Orbital Command  
  29  3:14  SCV  
  30  3:20  Marine  
  30  3:26  Supply Depot, SCV  
  32  3:35  Refinery, Starport  
  32  3:37  SCV  
  32  3:39  Marine, Hellion, SCV  
  37  3:49  SCV  
  37  3:51  SCV  
  39  3:59  Marine  
  39  4:01  SCV  
  41  4:03  SCV  
  42  4:15  SCV x2  
  44  4:18  Starport Tech Lab, Factory Tech Lab  
  44  4:21  Factory  
  44  4:26  Hellion  
  44  4:27  Hellion, Supply Depot, SCV  
  49  4:34  Supply Depot  
  49  4:37  Armory  
  49  4:39  Armory  
  49  4:41  Siege Tank  
  49  4:43  SCV x2  
  54  4:55  SCV  
  49  5:11  Raven  
  44  5:17  Hellion x2  
  44  5:18  Hellion  
  41  5:30  SCV x2  
  38  5:48  Supply Depot  
  38  5:52  SCV x2  
  38  6:15  SCV  
  39  6:27  SCV  
  39  6:28  SCV  
  41  6:39  SCV  
  42  6:42  SCV  
  43  6:51  Command Center, SCV  
  43  6:54  SCV  
  45  7:03  SCV  
  45  7:06  SCV  
  47  7:11  Banshee  
  47  7:15  SCV  
  51  7:18  SCV  
  52  7:27  SCV  
  53  7:30  SCV  
  53  7:31  Command Center  
  53  7:33  Terran Vehicle And Ship Armor Level 1, Terran Vehicle Weapons Level 1  
  54  7:39  SCV  
  54  7:42  SCV  
  56  7:51  SCV  
  56  7:53  Refinery  
  56  7:54  SCV  
  56  7:56  Banshee, Engineering Bay  
  61  8:06  SCV  
  61  8:07  SCV  
  61  8:08  Orbital Command  
  61  8:12  Siege Tank, Factory Tech Lab, Hellion x2  
  70  8:24  Supply Depot  
  70  8:25  SCV x2  
  70  8:26  Orbital Command  
  72  8:36  Siege Tank, Hellion  
  72  8:37  SCV x2  
  72  8:40  Banshee  
  82  8:46  Orbital Command  
  82  8:47  Supply Depot  
  82  8:52  SCV x3  
  85  9:08  SCV x2  
  85  9:09  SCV  
  88  9:11  Siege Tank  
  88  9:12  Siege Tank  
  89  9:20  SCV x2  
  81  10:00  Missile Turret  
  81  10:03  SCV x3  
  81  10:04  SCV  
  85  10:11  Missile Turret  
  85  10:12  Missile Turret  
  85  10:13  Missile Turret  
  85  10:14  Siege Tank, Missile Turret  
  85  10:15  Siege Tank, SCV x2  
  85  10:16  Hellion x2, Starport, SCV  
  85  10:17  SCV  
  99  10:27  SCV x2  
  101  10:29  SCV  
  101  10:30  SCV  
  101  10:35  Supply Depot  
  103  10:39  SCV x2  
  103  10:41  SCV  
  105  10:53  Siege Tank, Hellion x3  
  114  11:03  Banshee, Starport Reactor  
  117  11:07  SCV x2  
  117  11:08  Orbital Command  
  119  11:11  Refinery  
  119  11:12  Refinery  
  119  11:14  Siege Tank  
  122  11:23  SCV  
  122  11:24  SCV  
  124  11:29  Factory, Supply Depot  
  124  11:30  Supply Depot  
  124  11:50  SCV x4  
Show
View Real Time Build Order
Export as new Build Order

Kuja Protoss - Winner!

Build Orders: Dark Templar Rush 

Get SALT Encoding   

  12  0:01  Probe (Chrono Boost)  
  13  0:11  Probe (Chrono Boost)  
  14  0:19  Pylon  
  14  0:22  Probe (Chrono Boost)  
  15  0:37  Probe (Chrono Boost)  
  15  0:39  Gateway  
  16  0:45  Assimilator  
  16  0:47  Probe (Chrono Boost)  
  17  0:55  Assimilator  
  17  0:58  Probe (Chrono Boost)  
  18  1:06  Pylon  
  18  1:09  Probe (Chrono Boost)  
  19  1:19  Probe (Chrono Boost)  
  20  1:28  Cybernetics Core  
  20  1:30  Probe (Chrono Boost)  
  21  1:40  Probe (Chrono Boost)  
  22  1:51  Probe (Chrono Boost)  
  22  1:53  Pylon  
  23  2:07  Mothership Core (Chrono Boost)  
  25  2:12  Twilight Council  
  27  2:27  Nexus  
  25  2:30  Warp Gate (Chrono Boost)  
  25  3:01  Dark Shrine  
  25  3:08  Probe (Chrono Boost)  
  26  3:13  Robotics Facility  
  26  3:16  Gateway  
  26  3:22  Probe (Chrono Boost), Gateway  
  27  3:31  Stalker  
  29  3:38  Pylon  
  29  3:39  Probe x2 (Chrono Boost)  
  31  3:48  Pylon  
  31  3:51  Probe  
  30  3:56  Probe  
  29  4:15  Probe (Chrono Boost)  
  30  4:22  Probe (Chrono Boost)  
  31  4:30  Probe (Chrono Boost)  
  32  4:32  Dark Templar x3  
  32  4:35  Observer  
  32  4:38  Probe (Chrono Boost)  
  40  4:40  Probe (Chrono Boost)  
  40  4:45  Forge  
  41  4:47  Pylon  
  41  4:49  Probe (Chrono Boost)  
  41  4:51  Probe (Chrono Boost)  
  43  5:02  Probe (Chrono Boost)  
  42  5:15  Dark Templar  
  44  5:25  Probe (Chrono Boost)  
  45  5:32  Probe (Chrono Boost)  
  46  5:38  Probe (Chrono Boost)  
  46  5:40  Immortal (Chrono Boost)  
  46  5:41  Probe, Protoss Ground Weapons Level 1 (Chrono Boost)  
  51  5:47  Assimilator  
  51  5:49  Assimilator  
  50  5:56  Nexus  
  50  6:01  Stalker  
  50  6:02  Stalker  
  52  6:04  Probe  
  55  6:18  Pylon, Immortal (Chrono Boost)  
  55  6:22  Pylon  
  55  6:23  Probe  
  56  6:29  Stalker x2  
  60  6:39  Gateway  
  60  6:40  Gateway  
  60  6:49  Gateway  
  60  6:51  Immortal (Chrono Boost)  
  60  6:53  Probe  
  65  6:57  Pylon  
  65  7:02  Photon Cannon  
  65  7:11  Dark Templar  
  67  7:18  Probe x2  
  69  7:25  Stalker x2  
  73  7:30  Probe  
  73  7:31  Probe  
  73  7:32  Probe  
  73  7:34  Warp Prism  
  76  7:37  Protoss Ground Weapons Level 2 (Chrono Boost)  
  78  7:44  Probe  
  78  7:46  Probe  
  78  7:50  Assimilator  
  80  7:55  Assimilator, Templar Archives  
  80  8:02  Probe  
  80  8:03  Probe, Photon Cannon  
  80  8:04  Probe  
  83  8:11  Dark Templar  
  83  8:12  Probe  
  85  8:15  Probe  
  85  8:17  Probe  
  88  8:23  Probe  
  89  8:28  Probe  
  89  8:29  Probe  
  89  8:30  Pylon  
  89  8:33  High Templar x4  
  99  8:42  Immortal  
  99  8:44  Gateway  
  103  8:49  Gateway  
  103  8:50  Archon x2  
  103  8:54  Probe  
  103  8:55  Probe  
  103  8:56  Probe  
  103  9:01  Stalker  
  106  9:04  Probe  
  106  9:08  Probe x2  
  108  9:29  Probe  
  108  9:31  Probe  
  110  9:37  Probe  
  111  9:40  Probe  
  111  9:43  Probe  
  113  9:50  Stalker x2  
  117  9:57  Pylon  
  117  9:59  Pylon  
  117  10:00  Pylon x2  
  117  10:05  Nexus  
  117  10:08  Assimilator x2  
  117  10:10  Forge, Immortal  
  117  10:14  Psionic Storm  
  117  10:19  Assimilator  
  117  10:20  Stargate  
  121  10:38  High Templar x2  
  121  10:39  High Templar x5  
  121  10:42  Archon x2  
  135  10:43  Archon  
  135  10:51  Pylon  
  135  10:53  Pylon  
  135  10:54  Pylon  
  135  11:02  Gateway  
  135  11:04  Gateway  
  135  11:06  Gateway, Pylon  
  135  11:08  Void Ray, Gateway  
  139  11:11  Pylon  
  139  11:12  High Templar x2  
  139  11:13  Stargate  
  139  11:16  Archon  
  139  11:18  Archon  
  143  11:20  High Templar  
  145  11:28  High Templar  
  145  11:31  Archon  
  147  11:41  Stalker x2  
  147  11:42  Stalker  
  153  11:58  Stalker x3  
Tags
 
Add a new tag
Caveats
  • Supply blocks, unpowered buildings, or Contaminate may cause inaccurate times.
  • Supply counts are checked every 10 seconds.